Match 42934574
Unlisted

Match 42934574
End
Selects Panzerjäger Kommand Battlegroup
Selects Panzerjäger Kommand Battlegroup
Selects Panzerjäger Kommand Battlegroup
Kradschützen Motorcycle Team
Panzergrenadier Squad
Selects Mine Fields
250 Light Carrier
250 Light Carrier
Construct Light Support Kompanie
Selects GrB 39 Grenade Launcher Requisition
Combat Half-tracks
Construct Mechanized Kompanie
Vehicle Survival Package
Panzerjäger Mechanized Group
Support Armor Elements
Selects Defensive Positions
StuG III D Assault Gun
Emergency Repair Kits
Marder III Tank Destroyer
Selects Defensive Positions
Selects Butterfly Bomb Drop
Marder III Tank Destroyer
8 Rad Armored Car
Butterfly Bomb Drop
Panzerpioneer Squad
Rapid Advance
Selects Crew Shock Tactics
Flakvierling Half-track
Panzerjäger Mechanized Group
Selects Anti-tank Overwatch
Flakvierling Half-track
254 Reconnaissance Tractor
Marder III Tank Destroyer
StuG III D Assault Gun
水银灯
秃鹫k
【POW】游骑
我真的不是驴
Zo͞olo͞oKōbrə
Thomas Shelby
.
周末不日常
0
0

Comments sign in to comment!

No comments posted yet!